 Dungeon Crawl Stone Soup version 0.20-a0-622-g01f5896 (webtiles) character file.

2516 Amnesiac the Slicer (level 9, -4/46 (47) HPs)
             Began as a Spriggan Chaos Knight on Feb 9, 2017.
             Slain by an ogre
             ... wielding a +0 giant club
              (12 damage)
             ... while paralysed
             ... on level 8 of the Dungeon.
             The game lasted 00:08:31 (4635 turns).

Amnesiac the Slicer (Spriggan Chaos Knight)         Turns: 4635, Time: 00:08:32

HP:   -4/46 (47)    AC:  7    Str:  8    XL:     9   Next: 29%
MP:   19/19         EV:  4    Int: 14    God:    Xom [.*....]
Gold: 363           SH:  0    Dex: 18    Spells: 6/8 levels left

rFire    . . .     SeeInvis +   a - +0 short sword (chaos)
rCold    . . .     Gourm    .   b - +2 robe
rNeg     . . .     Faith    .   (shield restricted)
rPois    .         Spirit   .   i - +2 hat
rElec    .         Reflect  .   x - +0 cloak
rCorr    .         Harm     .   (gloves unavailable)
MR       +....                  (boots unavailable)
Stlth    ++++......             (no amulet)
Regen    0.2/turn               p - ring of magical power
                                (no ring)

@: paralysed, exhausted, slowed, very quick
A: unfitting armour, see invisible, herbivore 3, speed 3, slow metabolism 2,
subdued magic 1
a: Renounce Religion


You were on level 8 of the Dungeon.
You worshipped Xom.
You were a plaything of Xom.
You were not hungry.

You visited 2 branches of the dungeon, and saw 9 of its levels.
You also visited: Sewer.

You collected 363 gold pieces.

Inventory:

Hand Weapons
 a - a +0 short sword of chaos (weapon)
Missiles
 u - 2 throwing nets (quivered)
Armour
 b - a +2 robe (worn)
 i - a +2 hat (worn)
 x - a +0 cloak (worn)
Jewellery
 f - a cursed -2 ring of protection {unknown}
 n - a cursed -2 ring of dexterity {unknown}
 p - a ring of magical power (right hand)
Scrolls
 e - 4 scrolls of teleportation
 j - 5 scrolls of identify
 k - a scroll of recharging
 q - 2 scrolls of magic mapping
 r - a scroll of remove curse
 s - 3 scrolls of enchant armour {unknown}
 t - a scroll of amnesia {unknown}
 y - a scroll of immolation {unknown}
 z - a scroll of holy word {unknown}
 D - a scroll of summoning {unknown}
Potions
 d - a potion of might {unknown}
 g - a potion of ambrosia {unknown}
 h - 3 potions of flight {unknown}
 l - a potion of degeneration {unknown}
 m - 2 potions of heal wounds
 o - a potion of magic
 C - a potion of agility {unknown}
 E - a potion of brilliance {unknown}
Books
 v - Sif Muna's Incunabulum of Shifting Curses
   (You found it on level 4 of the Dungeon)

   Spells                             Type                      Level
   a - Sticks to Snakes               Transmutation                2
   b - Passwall                       Transmutation/Earth          2
   c - Summon Guardian Golem          Hexes/Summoning              3
   d - Leda's Liquefaction            Hexes/Earth                  4
   e - Ice Form                       Ice/Transmutation            4
 A - a book of Minor Magic

   Spells                             Type                      Level
   a - Magic Dart                     Conjuration                  1
   b - Blink                          Translocation                2
   c - Call Imp                       Summoning                    2
   d - Slow                           Hexes                        2
   e - Conjure Flame                  Conjuration/Fire             3
   f - Mephitic Cloud                 Conjuration/Poison/Air       3
Comestibles
 c - 3 bread rations
 w - 5 fruits
 B - a royal jelly


   Skills:
 + Level 5.1 Fighting
 * Level 9.5 Short Blades
 + Level 8.7 Dodging
 + Level 8.6 Stealth


You had 6 spell levels left.
You knew the following spells:

 Your Spells              Type           Power        Failure   Level  Hunger
v - Passwall              Tmut/Erth      #.........   38%         2    ###....


Dungeon Overview and Level Annotations

Branches:
Dungeon (8/15)             Temple (1/1) D:7
   Lair: D:8-11

Altars:
Ashenzari
Cheibriados
Dithmenos
Elyvilon
Fedhas
Gozag
Hepliaklqana
Kikubaaqudgha
Makhleb
Nemelex Xobeh
Okawaru
Qazlal
Ru
Sif Muna
Trog
Uskayaw
Vehumet
Xom
Yredelemnul
Zin
The Shining One


Innate Abilities, Weirdness & Mutations

You are very small and have problems with some larger weapons.
You are too small for most types of armour.
You have supernaturally acute eyesight. (SInv)
You are a herbivore.
You cover ground extremely quickly.
You need consume almost no food.
Your spells are a little easier to cast, but a little less powerful.


Message History

Really walk into that cloud of seething chaos?
You are engulfed in seething chaos.
Shadowy shapes form in the air around you, then vanish.
You are engulfed in seething chaos.
A red film seems to cover your vision as you go berserk!
You feel yourself moving faster!
You feel mighty!
You are engulfed in seething chaos.
You feel a strong urge to attack something.
You are engulfed in seething chaos.
You smell something strange.
The ogre shouts!
Found a stone staircase leading down.
You feel your anger subside.
You are no longer berserk.
You pass out from exhaustion.
You feel yourself slow down. The ogre hits you with a giant club!
* * * LOW HITPOINT WARNING * * *
The ogre hits you with a giant club!
You die...
Xom guffaws!

.# .# #. .# #. ###[###
##.. ####.....#####..
###...............
.........## ....#
....##...# #.O#
..####..## #@## ###
##...## #§.# # ##...).##
#.§##
#.....))######..###.. #
#........._............
.#...######.....####....#
..... ###..## #.... ....#
#### #... .... >..


You could see an ogre.

Vanquished Creatures
  Pikel (D:5)
  Grinder (D:3)
  A troll (D:5)
  Sigmund (D:6)
  A wyvern (D:8)
  Menkaure (D:5)
  A black bear (D:8)
  A slave (D:5)
  2 phantoms
  A crocodile (Sewer)
  A bullfrog (D:7)
  Blork the orc (D:4)
  A scorpion (D:7)
  A crimson imp (D:5)
  A bullfrog zombie (D:6)
  A centaur zombie (D:5)
  A quasit (D:7)
  2 jellies
  An orc wizard (D:3)
  Crazy Yiuf (D:5)
  3 orc priests
  4 hounds
  An iguana (D:7)
  A worker ant (D:4)
  Natasha (D:4)
  A gnoll (D:3)
  4 adders
  An ooze (D:5)
  3 adder skeletons
  A worm (D:5)
  3 dart slugs
  A leopard gecko (D:3)
  16 orcs
  2 bats (D:3)
  A giant cockroach (D:1)
  4 goblins
  5 hobgoblins
  10 jackals
  A quokka (D:3)
  2 ball pythons
  3 frilled lizards
  3 kobolds (Sewer)
  A quokka skeleton (D:5)
  5 rats (D:1)
  2 fungi (D:5)
101 creatures vanquished.

Vanquished Creatures (collateral kills)
  An ogre (D:6)
1 creature vanquished.

Vanquished Creatures (others)
  An orc priest (D:7)
  A quokka (D:7)
  2 ball pythons (D:7)
4 creatures vanquished.

Grand Total: 106 creatures vanquished

Notes
Turn   | Place    | Note
-------+----------+-------------------------------------------
     0 | D:1      | Amnesiac the Spriggan Chaos Knight began the quest for the Orb.
     0 | D:1      | Reached XP level 1. HP: 11/11 MP: 2/2
   200 | D:1      | Reached XP level 2. HP: 16/16 MP: 3/3
   522 | D:1      | Reached skill level 1 in Stealth
   729 | D:2      | Reached XP level 3. HP: 19/19 MP: 4/4
   747 | D:2      | Reached skill level 4 in Short Blades
   759 | D:2      | You fall through a shaft!
   759 | D:3      | XOM: stealth player
   759 | D:3      | Noticed Grinder
   934 | D:2      | Reached XP level 4. HP: 16/23 MP: 5/5
  1240 | D:3      | XOM: silly message
  1285 | D:3      | XOM: harmless Conj miscast
  1492 | D:3      | XOM: harmless Erth miscast
  1523 | D:3      | XOM: summons 4 friendly demons
  1539 | D:3      | XOM: swap monsters
  1549 | D:3      | Killed Grinder
  1549 | D:3      | Reached skill level 5 in Short Blades
  1549 | D:3      | Reached skill level 5 in Dodging
  1549 | D:3      | Reached XP level 5. HP: 16/28 MP: 6/6
  1549 | D:3      | Reached XP level 6. HP: 18/32 MP: 7/7
  1605 | D:3      | Found a glowing drain.
  1652 | D:3      | XOM: summons 1 hostile demon
  1682 | Sewer    | Entered a sewer
  1809 | Sewer    | XOM: mild Necr miscast
  1944 | Sewer    | XOM: swap monsters
  2159 | D:4      | Noticed Natasha
  2169 | D:4      | Killed Natasha
  2191 | D:4      | Reached skill level 5 in Stealth
  2272 | D:4      | Identified Sif Muna's Incunabulum of Shifting Curses
  2349 | D:4      | Learned a level 2 spell: Passwall
  2562 | D:4      | XOM: summons 3 hostile demons
  2563 | D:4      | Noticed a neqoxec
  2563 | D:4      | Noticed a chaos spawn
  2564 | D:4      | Noticed Blork the orc
  2566 | D:4      | Gained mutation: Your spells are a little easier to cast, but a little less powerful. [a neqoxec]
  2573 | D:4      | XOM: summons 6 friendly demons
  2577 | D:4      | Killed Blork the orc
  2577 | D:4      | Reached skill level 6 in Short Blades
  2577 | D:4      | Reached XP level 7. HP: 28/35 MP: 8/8
  2586 | D:5      | Entered Level 5 of the Dungeon
  2634 | D:5      | Noticed a troll
  2637 | D:5      | XOM: enchant monster (good)
  2638 | D:5      | Killed a troll
  2693 | D:5      | XOM: 2-stop teleportation journey
  2717 | D:5      | XOM: medium Tmut miscast
  2869 | D:5      | Noticed Menkaure
  2880 | D:5      | Killed Menkaure
  2880 | D:5      | Reached skill level 7 in Short Blades
  2937 | D:5      | Noticed Pikel
  2946 | D:5      | Killed Pikel
  2946 | D:5      | Reached skill level 8 in Short Blades
  2946 | D:5      | Reached XP level 8. HP: 41/41 MP: 9/9
  2957 | D:5      | XOM: divination: detect creatures
  2990 | D:5      | XOM: potion effect (berserk rage)
  3186 | D:5      | XOM: harmless Conj miscast
  3262 | D:5      | Found a runed door.
  3266 | D:5      | Noticed Crazy Yiuf
  3270 | D:5      | Killed Crazy Yiuf
  3429 | D:6      | Found a stormy altar of Qazlal.
  3515 | D:6      | XOM: cast spell 'Summon Hydra'
  3624 | D:6      | XOM: 1-stop teleportation journey
  3735 | D:6      | Noticed Sigmund
  3736 | D:6      | XOM: summons friendly quasit
  3753 | D:6      | Killed Sigmund
  4092 | D:7      | Reached XP level 9. HP: 32/45 MP: 10/10
  4118 | D:7      | Reached skill level 9 in Short Blades
  4134 | D:7      | Found a staircase to the Ecumenical Temple.
  4208 | D:7      | Found a shimmering altar of Xom.
  4286 | D:7      | Reached skill level 5 in Fighting
  4471 | Temple   | Entered the Ecumenical Temple
  4555 | Temple   | XOM: cloud trail
  4614 | D:8      | XOM: scenery: create altars
  4635 | D:8      | Slain by an ogre

Vault maps used:
D:1:      ncdulo_wetmaze, minivault_26
D:2:      uniq_jessica
D:3:      portal_sewer_entry_e, dk_noncrumbling_3, cheibrodos_gnoll_hut,
          uniq_grinder
D:4:      corexii_shack_village, first_bread, uniq_natasha, uniq_blork_the_orc
D:5:      serial_park_tiny_2, uniq_menkaure, uniq_crazy_yiuf_cottage, uniq_pikel
D:6:      grunt_qazlal_clouds, uniq_sigmund
D:7:      minmay_temple_entry_trees, xom_confusion_cloud
D:8:      grunt_ogre_cave, uniq_grum, uniq_joseph
Temple:   nicolae_temple_the_god_donut
Sewer:    sewer_the_crocodile

Skill      XL: |  1  2  3  4  5  6  7  8  9 |
---------------+----------------------------+-----
Stealth        | 1 2 4 5 7 8 |  8.6
Dodging        | 4 5 7 8 |  8.7
Short Blades   | 4 5 6 8 9 |  9.5
Fighting       | 3 4 5 |  5.1

Action                   |  1- 3 |  4- 6 |  7- 9 || total
-------------------------+-------+-------+-------++-------
Melee: Short sword       |    56 |   159 |   279 ||   494
 Cast: Passwall          |       |     2 |     1 ||     3
  Use: Scroll            |       |     5 |       ||     5
 Stab: Sleeping          |     4 |     4 |    11 ||    19
       Petrified         |       |     4 |       ||     4
       Paralysed         |       |     4 |     2 ||     6
       Distracted        |       |     2 |       ||     2
       Confused          |       |       |    11 ||    11
  Eat: Royal jelly       |       |       |     2 ||     2
       Fruit             |       |       |     1 ||     1
Armor: Robe              |     6 |    19 |    17 ||    42
Dodge: Dodged            |    44 |   118 |   176 ||   338
